 Dungeon Crawl Stone Soup version 0.31-a0-115-g4708a659fe (webtiles) character file.

Game seed: 4113056648833581031

2944 MacCMillion the Skirmisher (level 9, -25/45 HPs)
             Began as a Spriggan Hunter on May 29, 2023.
             Was a Follower of Dithmenos.
             Killed from afar by an orc sorcerer (35 damage)
             ... with a bolt of fire
             ... on level 8 of the Dungeon.
             The game lasted 00:11:20 (8287 turns).

MacCMillion the Skirmisher (Spriggan Hunter)        Turns: 8287, Time: 00:11:21

Health: -25/45     AC:  3    Str:  7    XL:     9   Next: 51%
Magic:  10/10      EV: 22    Int: 11    God:    Dithmenos [*.....]
Gold:   416        SH:  0    Dex: 22    Spells: 8/8 levels left

rFire   . . .        a - +0 shortbow
rCold   . . .        (shield currently unavailable)
rNeg    . . .        c - +0 robe
rPois   .            (helmet restricted)
rElec   .            r - +0 cloak
rCorr   .            (gloves unavailable)
SInv    +            (boots unavailable)
Will    +....        (no amulet)
Stlth   ++++         (no ring)
HPRegen 0.27/turn    (no ring)
MPRegen 0.12/turn

%: no passive effects
@: wreathed by umbra, very quick
A: very small, no large weapons, unfitting armour, see invisible, speed 3
a: Renounce Religion


You were on level 8 of the Dungeon.
You worshipped Dithmenos.
Dithmenos was aware of your devotion.
You visited 2 branches of the dungeon, and saw 9 of its levels.

You collected 444 gold pieces.
You spent 28 gold pieces at shops.

Inventory:

Hand Weapons
 a - a +0 shortbow (weapon)
Armour
 c - a +0 robe (worn)
 r - a +0 cloak (worn)
Jewellery
 o - a +6 ring of strength
 y - a +6 ring of dexterity
Wands
 n - a wand of paralysis (9)
 p - a wand of polymorph (3)
 q - a wand of mindburst (14)
Scrolls
 b - a scroll of immolation
 e - a scroll of poison
 g - a scroll of blinking
 h - 2 scrolls of fog
 i - 3 scrolls of teleportation
 j - a scroll of enchant armour
 l - 2 scrolls of noise {unknown}
 m - 2 scrolls of enchant weapon {unknown}
 t - 2 scrolls of vulnerability
 u - a scroll of magic mapping {unknown}
 z - 4 scrolls of fear
 A - a scroll of amnesia {unknown}
 B - a scroll of brand weapon {unknown}
Potions
 d - 3 potions of brilliance
 k - 2 potions of degeneration
 s - a potion of mutation
 v - a potion of haste
 w - a potion of curing {unknown}
 x - a potion of lignification {unknown}


   Skills:
 + Level 4.1 Fighting
 * Level 11.9 Ranged Weapons
 + Level 6.7 Dodging
 - Level 4.0 Stealth


You had 8 spell levels left.
You didn't know any spells.
Your spell library contained the following spells:

 Spells                   Type           Power      Damage    Failure   Level
 Dazzling Flash           Conj/Hex       0%         N/A       71%         3
 Volatile Blastmotes      Fire/Tloc      0%         2d10      71%         3
 Cause Fear               Hex            0%         N/A       98%         4
 Iskenderun's Mystic Bla  Conj/Tloc      0%         2d3       98%         4
 Starburst                Conj/Fire      0%         6d3       100%        6
 Dragon Form              Tmut           0%         N/A       100%        7
 Dragon's Call            Summ           0%         N/A       100%        9


Dungeon Overview and Level Annotations

Branches:
Dungeon (8/15)             Temple (1/1) D:5
   Lair: D:8-11

Altars:
Ashenzari
Cheibriados
Dithmenos
Elyvilon
Fedhas
Gozag
Hepliaklqana
Kikubaaqudgha
Makhleb
Nemelex Xobeh
Qazlal
Ru
Sif Muna
Trog
Uskayaw
Wu Jian
Xom
Yredelemnul
Zin
The Shining One

Shops:
D:5 ::   D:7 *

Annotations:
D:2 Sigmund
D:3 1 runed translucent door, Crazy Yiuf


Innate Abilities, Weirdness & Mutations

You are very small and have problems with some larger weapons.
You are too small for most types of armour.
You have supernaturally acute eyesight. (SInv)
You cover ground extremely quickly. (Speed+++)


Message History

You feel very sick.
Unknown command.
You start resting.
* * * LOW HITPOINT WARNING * * *
You feel very sick.
You start resting.
You feel very sick.
You feel sick. x2
A kobold is nearby!
A kobold is nearby!
A kobold is nearby!
A kobold is nearby!
A kobold is nearby!
Unknown command.
You feel sick.
You feel sick.
You are no longer poisoned.
An orc sorcerer comes into view. It is wielding a +1 dagger of draining.
You feel yourself speed up.
The kobold shouts!
The orc sorcerer shouts!
The kobold misses you.
You shoot an arrow. The arrow closely misses the kobold.
The kobold barely misses you.
You shoot an arrow. The arrow barely misses the kobold.
You shoot an arrow.
The arrow hits the kobold but does no damage.
The kobold completely misses you.
You shoot an arrow. The arrow hits the kobold.
The kobold is heavily wounded.
The kobold misses you.
You shoot an arrow. The arrow barely misses the kobold.
The kobold completely misses you.
You shoot an arrow. The arrow hits the kobold.
You kill the kobold!
Dithmenos accepts your kill.
The orc sorcerer points at you and mumbles some strange words.
The bolt of fire hits you!!
Ouch! That really hurt!
You die...

##.......#........#
#................#
#.......#........##
##.######..........
#.# #.......... #.#
###...##... #.#
#...# ..
#)########...#####
#.@.o.............
##########...#####
.......#..o##
.......#....#
###..........#
............#
#.####.....#..#.
.†.#.###.#..#.
#.####.#.###.#..#.


You could see an orc sorcerer.

Vanquished Creatures
  Pikel (D:4)
  Menkaure (D:5)
  2 water moccasins (D:6)
  2 black bears
  An ice beast (D:7)
  An ogre (D:5)
  2 centaurs
  A lemure (D:5)
  A phantom (D:4)
  2 kobold brigands
  A bullfrog (D:6)
  2 scorpions
  A gnoll sergeant (D:7)
  5 wights (D:6)
  5 howler monkeys
  5 hounds
  A jelly (D:6)
  An orc priest (D:3)
  4 iguanas
  3 sleepcaps
  4 orc wizards
  4 adders
  10 gnolls
  A shadow imp (D:6)
  2 white imps (D:6)
  2 ufetubi
  3 worms
  3 dart slugs
  20 orcs
  9 ball pythons
  5 endoplasms
  7 giant cockroaches
  5 goblins
  6 hobgoblins
  2 jackals (D:1)
  11 kobolds
  2 quokkas
  6 bats
  2 frilled lizards
  2 rats (D:1)
148 creatures vanquished.

Notes
Turn   | Place    | Note
-------+----------+-------------------------------------------
     0 | D:1      | MacCMillion the Spriggan Hunter began the quest for the
                  | Orb.
     0 | D:1      | Reached XP level 1. HP: 10/10 MP: 2/2
   130 | D:1      | Found a faded altar of an unknown god.
   166 | D:1      | Reached XP level 2. HP: 8/14 MP: 3/3
   536 | D:2      | Reached XP level 3. HP: 18/18 MP: 4/4
   581 | D:2      | Noticed Sigmund
   664 | D:2      | Found an ornate altar of the Wu Jian Council.
   917 | D:3      | Reached skill level 5 in Ranged Weapons
   917 | D:3      | Reached XP level 4. HP: 22/22 MP: 5/5
  1100 | D:3      | Noticed a scorpion
  1196 | D:3      | Killed a scorpion
  1197 | D:3      | Reached skill level 6 in Ranged Weapons
  1197 | D:3      | Reached XP level 5. HP: 25/25 MP: 6/6
  1350 | D:3      | Found a runed translucent door.
  1351 | D:3      | Noticed Crazy Yiuf
  1402 | D:3      | Found a broken altar of Ashenzari.
  1516 | D:3      | Found a glowing silver altar of Zin.
  1518 | D:3      | Found a shimmering altar of Xom.
  1518 | D:3      | Found a basalt altar of Yredelemnul.
  1522 | D:3      | Found a bloodstained altar of Trog.
  1522 | D:3      | Found a shadowy altar of Dithmenos.
  1968 | D:4      | Noticed a phantom
  2181 | D:4      | Killed a phantom
  2182 | D:4      | Reached XP level 6. HP: 30/30 MP: 7/7
  2479 | D:4      | Reached skill level 7 in Ranged Weapons
  2731 | D:5      | Entered Level 5 of the Dungeon
  3212 | D:5      | Noticed Menkaure
  3243 | D:5      | Killed Menkaure
  3244 | D:5      | Reached skill level 8 in Ranged Weapons
  3244 | D:5      | Reached XP level 7. HP: 9/33 MP: 8/8
  3473 | D:5      | Found Zod Hieck's Book Shoppe.
  3535 | D:5      | Found Akem's Tremendous Tomes.
  3579 | D:5      | Noticed Pikel
  3644 | D:4      | Killed Pikel
  3645 | D:4      | Reached skill level 10 in Ranged Weapons
  3645 | D:4      | Reached XP level 8. HP: 29/37 MP: 9/9
  3852 | D:5      | Found a staircase to the Ecumenical Temple.
  3923 | Temple   | Entered the Ecumenical Temple
  4084 | D:3      | Became a worshipper of Dithmenos the Shadowed
  4229 | D:5      | Found a blossoming altar of Fedhas.
  5523 | D:6      | Reached skill level 11 in Ranged Weapons
  5523 | D:6      | Reached skill level 5 in Dodging
  6067 | D:6      | Reached XP level 9. HP: 44/44 MP: 10/10
  6473 | D:6      | Found an ancient bone altar of Kikubaaqudgha.
  6883 | D:7      | Reached * piety under Dithmenos
  7796 | D:7      | Found Ashridgh's General Store.
  7810 | D:7      | Bought a scroll of identify for 28 gold pieces
  7818 | D:7      | Found the +18 Lear's hauberk
  8157 | D:8      | Found a sparkling altar of Nemelex Xobeh.
  8260 | D:8      | Noticed an orc sorcerer
  8287 | D:8      | Killed from afar by an orc sorcerer

Illustrated notes

Levels and vault maps discovered:
D:1:      ncdulo_watergridlock, layout_rooms, basic_ecumenical_altar,
          minmay_fountain_box
D:2:      layout_rooms, basic_altar, uniq_sigmund
D:3:      minmay_wonky_spiral, layout_basic, grunt_temple_overflow_open,
          nicolae_ashenzari_skybound, uniq_crazy_yiuf_cottage
D:4:      layout_basic
D:5:      layout_cave_pods, fedhas_bush_and_centaur_altar,
          minmay_temple_entry_poolview, serial_shops, kennysheep_little_box,
          nicolae_shop_i_like_big_books, uniq_pikel, uniq_menkaure
D:6:      layout_gridville, lemuel_tele_altar
D:7:      layout_cave_pools, serial_shops, shop_statue, grunt_ministairs_3
D:8:      cheibrodos_wizards_tower, layout_basic, mainiacjoe_overflow_boulevard,
          vehumet_crystals, david_lair_shrubbed, guppyfry_shop_venom,
          uniq_amaemon
Temple:   eino_wide_crystal_templ

Skill      XL: |  1  2  3  4  5  6  7  8  9 |
---------------+----------------------------+-----
Stealth        | 2 3 4 |  4.0
Ranged Weapons | 5 6 8 10 11 | 11.9
Dodging        | 5 6 |  6.7
Fighting       | 3 4 |  4.1

Action                     |  1- 3 |  4- 6 |  7- 9 || total
---------------------------+-------+-------+-------++-------
   Fire: Shortbow          |    90 |   187 |   367 ||   644
    Use: Scroll            |       |       |    11 ||    11
         Potion            |       |       |     1 ||     1
 Armour: Robe              |     3 |     2 |     2 ||     7
  Dodge: Dodged            |    28 |    38 |    57 ||   123

Table legend: (Time is in decaauts)
 A = Elapsed time spent in this place.
 B = Non-inter-level travel time spent in this place.
 C = Inter-level travel time spent in this place.
 D = Time resting spent in this place.
 E = Time spent auto-exploring this place.
 F = Levels seen in this place.
 G = Mean time per level.
                   A        B        C        D        E       F      G
               +--------+--------+--------+--------+--------+-----+--------+
         Total |   6451 |   6189 |    262 |   2837 |   2068 |   9 |  716.8 |
       Dungeon |   6415 |   6161 |    254 |   2837 |   2045 |   8 |  801.9 |
        Temple |     36 |     28 |      8 |      0 |     22 |   1 |   36.0 |
               +--------+--------+--------+--------+--------+-----+--------+

Top non-repeatable levels by time:
     D:6: 1805 daAuts
     D:5: 1393 daAuts
     D:7: 969 daAuts
     D:4: 854 daAuts
     D:3: 593 daAuts
     D:2: 355 daAuts
     D:1: 288 daAuts
     D:8: 154 daAuts
  Temple: 36 daAuts
